 Dungeon Crawl Stone Soup version 0.19-a0-1361-g42bf4bf (webtiles) character file.

3928 Athtar the Thaumaturge (level 10, -4/50 HPs)
             Began as a Deep Elf Conjurer on Sept 2, 2016.
             Was a Follower of Vehumet.
             Slain by Edmund
             ... wielding a +1 flail of protection
              (7 damage)
             ... on level 7 of the Dungeon.
             The game lasted 00:19:40 (9476 turns).

Athtar the Thaumaturge (Deep Elf Conjurer)          Turns: 9476, Time: 00:19:41

Health: -4/50      AC:  4    Str:  5    XL:     10   Next: 1%
Magic:  9/31       EV: 13    Int: 24    God:    Vehumet [*.....]
Gold:   348        SH:  0    Dex: 15    Spells: 5 memorised, 19 levels left

rFire  . . .     SeeInvis .     D - staff of energy
rCold  . . .     Gourm    .     i - -2 robe (curse)
rNeg   . . .     Faith    .     (no shield)
rPois  .         Spirit   .     n - +1 helmet
rElec  .         Dismiss  +     d - +0 cloak
rCorr  .         Reflect  .     (no gloves)
MR     +....     Harm     .     x - +0 pair of boots
Stlth  ++........               p - amulet of dismissal
                                (no ring)
                                (no ring)

@: no status effects
A: high mp 1, mutation resistance 1
a: Renounce Religion


You were on level 7 of the Dungeon.
You worshipped Vehumet.
Vehumet was aware of your devotion.
You were not hungry.

You visited 2 branches of the dungeon, and saw 8 of its levels.
You also visited: Ossuary.

You collected 348 gold pieces.

Inventory:

Hand Weapons
 s - a +0 whip of freezing
Missiles
 t - 3 tomahawks (quivered)
Armour
 a - a +0 robe
 d - a +0 cloak (worn)
 i - a cursed -2 robe (worn)
 n - a +1 helmet (worn)
 x - a +0 pair of boots (worn)
Magical Staves
 D - an uncursed staff of energy (weapon)
Jewellery
 p - an amulet of dismissal (around neck)
Wands
 h - a wand of polymorph (11/24)
 w - a wand of random effects (16/48)
Scrolls
 e - 4 scrolls of recharging
 o - a scroll of identify
 r - a scroll of teleportation
 u - a scroll of amnesia
 y - a scroll of enchant weapon
Potions
 f - 4 potions of heal wounds
 k - 2 potions of cure mutation
 v - a potion of agility
 z - 3 potions of might
 A - 3 potions of curing
 C - a potion of resistance {unknown}
Books
 b - a book of Conjurations

   Spells                             Type                      Level
   a - Magic Dart                     Conjuration                  1
   b - Searing Ray                    Conjuration                  2
   c - Dazzling Spray                 Conjuration/Hexes            3
   d - Fulminant Prism                Conjuration/Hexes            4
   e - Iskenderun's Mystic Blast      Conjuration                  4
   f - Iskenderun's Battlesphere      Conjuration/Charms           5
 g - a book of Flames

   Spells                             Type                      Level
   a - Flame Tongue                   Conjuration/Fire             1
   b - Throw Flame                    Conjuration/Fire             2
   c - Conjure Flame                  Conjuration/Fire             3
   d - Inner Flame                    Hexes/Fire                   3
   e - Sticky Flame                   Conjuration/Fire             4
   f - Fireball                       Conjuration/Fire             5
 B - a book of Frost

   Spells                             Type                      Level
   a - Freeze                         Ice                          1
   b - Throw Frost                    Conjuration/Ice              2
   c - Ozocubu's Armour               Charms/Ice                   3
   d - Throw Icicle                   Conjuration/Ice              4
   e - Summon Ice Beast               Ice/Summoning                4
Comestibles
 c - a bread ration
 j - a royal jelly
 l - 7 fruits
 m - a meat ration
 q - a beef jerky


   Skills:
 - Level 2.4 Dodging
 - Level 2.4 Stealth
 + Level 13.2 Spellcasting
 + Level 11.7 Conjurations


You had 19 spell levels left.
You knew the following spells:

 Your Spells              Type           Power        Failure   Level  Hunger
a - Magic Dart            Conj           ####         1%          1    None
b - Dazzling Spray        Conj/Hex       #####.       1%          3    None
c - Iskenderun's Mystic   Conj           ######..     1%          4    None
d - Conjure Flame         Conj/Fire      #####...     1%          3    None
e - Iskenderun's Battles  Conj/Chrm      #####...     12%         5    None


Dungeon Overview and Level Annotations

Branches:
Dungeon (7/15)             Temple (1/1) D:7

Altars:
Ashenzari
Cheibriados
Elyvilon
Fedhas
Gozag
Kikubaaqudgha
Makhleb
Okawaru
Qazlal
Ru
Sif Muna
Trog
Uskayaw
Vehumet
Xom
Zin

Annotations:
D:6 1 runed door
D:7 Edmund


Innate Abilities, Weirdness & Mutations

You have an increased reservoir of magic. (+10% MP)
You are somewhat resistant to further mutation.


Message History

The barrage of energy hits Herrn's ghost.
Herrn's ghost is almost destroyed.
Edmund asks, "Have you met my wondrous brother?"
Edmund hits you with a flail of protection!
* * * LOW HITPOINT WARNING * * *
Casting: Iskenderun's Mystic Blast
Confirm with . or Enter, or press ? or * to list all spells.
Aiming: Iskenderun's Mystic Blast
Press: ? - help, Shift-Dir - straight line, f/p - Herrn's ghost
Aim: Herrn's ghost (almost destroyed)
The orb of energy hits Herrn's ghost.
You destroy Herrn's ghost!
Vehumet accepts your kill.
Your Spellcasting skill increases to level 13!
You have reached level 10!
The orb of energy explodes!
Your battlesphere fires!
Your battlesphere expends the last of its energy and dissipates.
Edmund hits you with a flail of protection!
You die...

......#.#....# #...
....###.###..######### #...
....+.....'..........#########...
....###.###......................
......#.#........................
......#+#........................
.............÷..^..............$.
...........§.....................
.............>.@@....####+####...
.....................# #...
............########## #...
............# #... ............#
#... ............+ ............#
###.........# #.........#


You could see Edmund.

Vanquished Creatures
  The ghost of Herrn the Magician, a novice NaFE of Okawaru (D:7)
  Pikel (D:5)
  2 hippogriffs (D:7)
  Menkaure (D:4)
  An ice beast (D:5)
  3 slaves (D:5)
  2 black bears
  An orc warrior (D:6)
  3 ogres
  2 centaurs (D:6)
  2 giant frogs
  Blork the orc (D:4)
  3 water moccasin zombies (Ossuary)
  3 scorpions
  2 howler monkeys (D:5)
  A giant frog zombie (D:5)
  2 orc priests
  2 hounds
  A jelly (D:6)
  A giant frog skeleton (D:6)
  3 orc wizards
  13 worker ants
  3 iguanas
  3 big kobold zombies (Ossuary)
  A hound zombie (D:7)
  2 mummies (Ossuary)
  Robin (D:4)
  A worker ant zombie (D:6)
  2 gnolls
  11 adders
  A shadow imp (D:7)
  3 oozes
  3 adder zombies (Ossuary)
  2 adder skeletons
  2 worms (D:2)
  2 dart slugs (D:1)
  5 giant geckos
  26 orcs
  2 ball pythons
  7 giant cockroaches
  3 gnoll zombies (Ossuary)
  15 goblins
  9 hobgoblins
  2 jackals (D:4)
  5 kobolds
  A quokka (D:3)
  6 bats
  A giant gecko skeleton (D:6)
  9 giant newts
  7 hobgoblin zombies (Ossuary)
  A jackal zombie (D:6)
  6 kobold zombies (Ossuary)
  3 orc zombies (Ossuary)
  7 rats
203 creatures vanquished.

Notes
Turn   | Place    | Note
-------+----------+-------------------------------------------
     0 | D:1      | Athtar the Deep Elf Conjurer began the quest for the Orb.
     0 | D:1      | Reached XP level 1. HP: 10/10 MP: 6/6
    90 | D:1      | Reached XP level 2. HP: 15/15 MP: 1/8
   547 | D:1      | Reached skill level 5 in Conjurations
   561 | D:1      | Reached skill level 4 in Spellcasting
   561 | D:1      | Reached XP level 3. HP: 10/19 MP: 0/10
   779 | D:1      | You fall through a shaft!
   802 | D:2      | Learned a level 3 spell: Dazzling Spray
  1120 | D:2      | Reached XP level 4. HP: 13/24 MP: 0/12
  1717 | D:2      | Learned a level 4 spell: Iskenderun's Mystic Blast
  1747 | D:2      | Found a deep blue altar of Sif Muna.
  1747 | D:2      | Found a glowing silver altar of Zin.
  1924 | D:3      | Reached skill level 5 in Spellcasting
  2195 | D:3      | Gained mutation: You have an increased reservoir of magic. (+10% MP) [potion of mutation]
  2195 | D:3      | Gained mutation: You are dopey. (Int -2) [potion of mutation]
  2195 | D:3      | Lost mutation: You are dopey. (Int -2) [potion of mutation]
  2204 | D:3      | Reached XP level 5. HP: 28/28 MP: 0/16
  2416 | D:3      | Found a stormy altar of Qazlal.
  3073 | D:4      | Reached skill level 6 in Spellcasting
  3148 | D:4      | Noticed Blork the orc
  3364 | D:4      | Noticed Menkaure
  3368 | D:4      | Killed Menkaure
  3368 | D:4      | Reached XP level 6. HP: 9/32 MP: 5/19
  3482 | D:4      | Learned a level 3 spell: Conjure Flame
  3503 | D:4      | Reached skill level 7 in Spellcasting
  3695 | D:4      | Killed Blork the orc
  3711 | D:4      | Reached XP level 7. HP: 36/36 MP: 4/21
  3942 | D:4      | Noticed Robin
  4321 | D:4      | Killed Robin
  4584 | D:5      | Entered Level 5 of the Dungeon
  4602 | D:5      | Noticed Pikel
  4813 | D:5      | Reached skill level 8 in Spellcasting
  4820 | D:5      | Learned a level 5 spell: Iskenderun's Battlesphere
  5716 | D:4      | Reached skill level 9 in Spellcasting
  5954 | D:5      | Reached XP level 8. HP: 41/41 MP: 19/25
  6388 | D:5      | Killed Pikel
  6388 | D:5      | Reached skill level 10 in Spellcasting
  6887 | D:6      | Reached skill level 11 in Spellcasting
  6903 | D:6      | Reached skill level 10 in Conjurations
  6908 | D:6      | Reached XP level 9. HP: 45/45 MP: 0/28
  7280 | D:6      | Found a runed door.
  7346 | D:6      | Found a runed door.
  8346 | D:7      | Reached skill level 12 in Spellcasting
  8387 | D:7      | Found a staircase to the Ecumenical Temple.
  8396 | Temple   | Entered the Ecumenical Temple
  8475 | Temple   | Became a worshipper of Vehumet
  8583 | D:7      | Found a sand-covered staircase.
  8589 | Ossuary  | Entered an ossuary
  9050 | Ossuary  | Reached * piety under Vehumet
  9050 | Ossuary  | Offered knowledge of Sting by Vehumet.
  9152 | Ossuary  | Gained mutation: You are somewhat resistant to further mutation. [potion of beneficial mutation]
  9445 | D:7      | Noticed Herrn's ghost (novice NaFE)
  9446 | D:7      | Noticed Edmund
  9476 | D:7      | Killed Herrn's ghost
  9476 | D:7      | Reached skill level 13 in Spellcasting
  9476 | D:7      | Reached XP level 10. HP: 3/50 MP: 9/31
  9476 | D:7      | Slain by Edmund

Vault maps used:
D:1:      tarquinn_simple_flora_water_c
D:2:      gammafunk_temple_overflow_elements, first_bread
D:3:      grunt_qazlal_clouds
D:4:      serial_park_tiny_pond, uniq_blork_the_orc, uniq_robin, uniq_menkaure
D:5:      uniq_edmund, uniq_pikel
D:6:      lemuel_insect_pit, minivault_19, kennysheep_generic_room_15
D:7:      nicolae_ossuary_entry_plus
Temple:   regret_index_temple_mists
Ossuary:  ossuary_tomb_2

Skill      XL: |  1  2  3  4  5  6  7  8  9 |
---------------+----------------------------+-----
Conjurations   | 5 6 7 8 10 11 | 11.7
Spellcasting   | 4 5 6 7 9 11 13 | 13.2
Dodging        | |  2.4
Stealth        | |  2.4

Action                   |  1- 3 |  4- 6 |  7- 9 | 10-12 || total
-------------------------+-------+-------+-------+-------++-------
Melee: Unarmed           |       |     8 |       |       ||     8
       Whip              |       |       |    31 |       ||    31
 Cast: Magic Dart        |    59 |    82 |   137 |       ||   278
       Dazzling Spray    |     2 |     3 |    27 |       ||    32
       Iskenderun's Myst |       |    18 |   107 |     1 ||   126
       Conjure Flame     |       |       |    18 |       ||    18
       Iskenderun's Batt |       |       |     1 |       ||     1
  Use: Scroll            |     2 |     3 |     7 |       ||    12
       Potion            |       |     5 |     1 |       ||     6
  Eat: Chunk             |       |     8 |    16 |       ||    24
       Bread ration      |       |     1 |     1 |       ||     2
Armor: Robe              |     1 |     1 |    14 |       ||    16
       Skin              |       |    22 |       |       ||    22
Dodge: Dodged            |     6 |    11 |    95 |       ||   112
